 Dungeon Crawl Stone Soup version 0.28.0-53-g5a82cb258f (webtiles) character file.

Game seed: 11625967788860433435

826 Infinimo the Skirmisher (level 7, -17/70 (75) HPs)
             Began as an Ogre Gladiator on May 29, 2022.
             Killed by an exploding gnoll (25 damage)
             ... ignited by their inner flame
             ... on level 3 of the Dungeon.
             The game lasted 00:06:56 (5306 turns).

Infinimo the Skirmisher (Ogre Gladiator)            Turns: 5306, Time: 00:06:57

HP:   -17/70 (75)   AC:  3    Str: 21    XL:     7   Next: 96%
MP:   7/7           EV: 11    Int:  9    God:
Gold: 151           SH:  0    Dex: 10    Spells: 6/6 levels left

rFire   . . .      SeeInvis +   q - +2 whip (venom)
rCold   . . .      Faith    .   (no shield)
rNeg    . . .      Spirit   .   b - +0 robe
rPois   .          Reflect  .   c - +0 hat
rElec   .          Harm     .   (no cloak)
rCorr   .          Rampage  .   (gloves unavailable)
Will    .....                   (boots unavailable)
Stlth   +.........              (no amulet)
HPRegen 0.21/turn               h - ring of see invisible
MPRegen 0.10/turn               (no ring)

@: lit by a corona, glowing, drained
A: large, unfitting armour, tough skin 1
a: no special abilities


You were on level 3 of the Dungeon.
You visited 1 branch of the dungeon, and saw 4 of its levels.

You collected 151 gold pieces.

Inventory:

Hand Weapons
 f - a +0 dire flail
 q - a +2 whip of venom (weapon)
 s - a +0 giant spiked club
Missiles
 d - 4 throwing nets (quivered)
 j - 4 poisoned darts
Armour
 b - a +0 robe (worn)
 c - a +0 hat (worn)
Jewellery
 h - a ring of see invisible (left hand)
 p - a ring of wizardry
Scrolls
 n - a scroll of torment
Potions
 a - a potion of ambrosia
 e - a potion of heal wounds
 g - a potion of might {unknown}
 i - 3 potions of curing
 l - a potion of brilliance {unknown}
 m - a potion of lignification {unknown}
 o - a potion of flight {unknown}
 t - a potion of magic {unknown}


   Skills:
 + Level 6.2 Fighting
 * Level 6.2 Maces & Flails
 - Level 2.0 Throwing
 + Level 4.7 Dodging


You had 6 spell levels left.
You didn't know any spells.
Your spell library contained the following spells:

 Spells                   Type           Power      Damage    Failure   Level
 Summon Small Mammal      Summ           0%         N/A       38%         1
 Call Canine Familiar     Summ           0%         N/A       77%         3
 Summon Guardian Golem    Hex/Summ       0%         N/A       77%         3


Dungeon Overview and Level Annotations

Branches:
Dungeon (4/15)
 Temple: D:4-7

Altars:
Fedhas

Shops:
D:3 [:


Innate Abilities, Weirdness & Mutations

You are too large for most types of armour.
You have tough skin. (AC +1)


Message History

The gnoll hits you from afar with a +0 spear.
The gnoll barely misses you. The gnoll hits you with a +0 spear.
You hit the gnoll.
The gnoll is moderately wounded.
The gnoll hits you with a +0 flail!
You closely miss the gnoll.
The gnoll is moderately wounded.
The gnoll hits you with a +0 spear.
You hit the gnoll.
The gnoll is poisoned.
The gnoll is moderately wounded.
The gnoll hits you with a +0 flail. The gnoll barely misses you.
The gnoll shaman shouts!
The gnoll shouts! x2; You hear a shout!
The gnoll shaman barely misses you.
The gnoll hits you from afar with a +0 spear.
The gnoll shouts!
The gnoll shaman hits you with a +0 club.
The gnoll shaman mumbles some strange prayers to its god against you.
You are outlined in light.
There is a stone staircase leading up here.
You kill the gnoll!
The gnoll closely misses you. The gnoll hits you with a +0 flail.
The gnoll shaman hits you with a +0 club.
You climb upwards.
There is a stone staircase leading down here.
You closely miss the gnoll. The gnoll hits you with a +0 flail.
The gnoll shaman hits you with a +0 club.
You hit the gnoll.
The gnoll is poisoned.
The gnoll is lightly wounded.
The gnoll hits you with a +0 flail!
* * * LOW HITPOINT WARNING * * *
The gnoll shaman hits you with a +0 club.
* * * LOW HITPOINT WARNING * * *
As you read the scroll labelled REVUNOS BETU, it crumbles to dust.
The creatures around you are filled with an inner flame!
It was a scroll of immolation.
Flame seeps out of the gnoll.
The gnoll is engulfed in blazing flames.
The gnoll explodes!
The fiery explosion engulfs you!!
You die...

#[# #.# #.# #.# #.#
#.# #.#####.# #.# #.#
#.......# #.# #.#
####.#### #(# #.# #.#
#.# #.# ###.# #.# #.#
#...# #.#
############### #.#
##.'..∩§○@g.'.# #.#
#..##########.#
##.#####.....# #..#
.............######..#
.....###.............#
...#.# #.....#######.#
##.#.# ####### #.#
##.#.# #.# ##.#.###
#.#


You could see a gnoll shaman (inner flame).

Vanquished Creatures
  Menkaure (D:4)
  A black bear (D:4)
  An orc warrior (D:3)
  An ogre (D:4)
  A scorpion (D:4)
  4 wights (D:3)
  A hound (D:4)
  An orc wizard (D:3)
  6 gnolls
  2 adders (D:2)
  3 worms
  3 dart slugs
  3 orcs (D:3)
  7 ball pythons
  4 endoplasms
  4 giant cockroaches
  9 goblins
  11 hobgoblins
  6 quokkas
  6 bats
  2 frilled lizards
  9 kobolds
  4 rats
90 creatures vanquished.

Vanquished Creatures (others)
  14 fungi (D:3)
  2 plants (D:3)
16 creatures vanquished.

Grand Total: 106 creatures vanquished

Notes
Turn   | Place    | Note
-------+----------+-------------------------------------------
     0 | D:1      | Infinimo the Ogre Gladiator began the quest for the Orb.
     0 | D:1      | Reached XP level 1. HP: 22/22 MP: 1/1
   166 | D:1      | Reached XP level 2. HP: 27/29 MP: 2/2
   476 | D:1      | Reached XP level 3. HP: 37/37 MP: 3/3
   552 | D:1      | Found a faded altar of an unknown god.
  1002 | D:2      | Reached XP level 4. HP: 46/46 MP: 4/4
  1561 | D:3      | Found Zickuf's Antique Armour Shoppe.
  1863 | D:3      | Reached XP level 5. HP: 47/54 MP: 5/5
  1946 | D:3      | Found Beirch Fozeik's Book Emporium.
  2510 | D:3      | Reached XP level 6. HP: 12/61 MP: 6/6
  2881 | D:3      | Noticed an orc warrior
  3329 | D:3      | Killed an orc warrior
  3330 | D:3      | Reached skill level 5 in Fighting
  3330 | D:3      | Reached skill level 5 in Maces & Flails
  3602 | D:3      | Found a blossoming altar of Fedhas.
  4045 | D:4      | Reached XP level 7. HP: 72/72 MP: 7/7
  4385 | D:4      | Noticed Menkaure
  4392 | D:4      | Killed Menkaure
  5306 | D:3      | Killed by an exploding gnoll... ignited by their inner
                  | flame

Illustrated notes

Levels and vault maps discovered:
D:1:      tarquinn_simple_flora_water_d, layout_rooms,
          shapermc_ecumenical_altar_acropolis
D:2:      layout_basic, minmay_heptomino_o4
D:3:      layout_loops_ring, fedhas_altar_3, serial_shops, nicolae_shop_stone,
          nicolae_shop_hallway_stairs
D:4:      minmay_wonky_spiral, layout_cave_pools, nzn_random_ring, uniq_menkaure

Skill      XL: |  1  2  3  4  5  6  7 |
---------------+----------------------+-----
Maces & Flails | 3 4 5 6 |  6.2
Fighting       | 3 4 5 6 |  6.2
Dodging        | 3 4 |  4.7
Throwing       | |  2.0

Action                   |  1- 3 |  4- 6 |  7- 9 || total
-------------------------+-------+-------+-------++-------
Melee: Flail             |    90 |    51 |       ||   141
       Punch             |     1 |       |       ||     1
       Whip              |       |   100 |    52 ||   152
       Dire flail        |       |       |     4 ||     4
Throw: Dart              |       |     1 |       ||     1
  Use: Scroll            |       |     9 |     3 ||    12
       Potion            |       |     1 |     1 ||     2
 Stab: Sleeping          |     1 |     1 |       ||     2
Armor: Robe              |    43 |    25 |    13 ||    81
Dodge: Dodged            |    64 |    79 |    44 ||   187
